Map: Automaton LE

Players

qxc - Winner!

  • Race: Terran Terran
  • League: Grandmaster
  • Spawn Location: 3:00

ergnaSiMebeB

  • Race: Terran Terran
  • League: Master
  • Spawn Location: 9:00

VOD

Have the link to the VOD?

Description

Time

  • Played on: Feb. 13, 2019, 10:04 p.m.
  • Length: 7:21
Show
View Real Time Build Order
Export as new Build Order

qxc Terran - Winner!

Build Orders: 1/1/1, Liberator Opening 

Get SALT Encoding   

  12  0:00  SCV  
  13  0:13  SCV  
  14  0:18  Supply Depot  
  14  0:25  SCV  
  15  0:29  Refinery  
  15  0:39  SCV  
  16  0:45  Barracks  
  16  0:52  SCV  
  17  0:57  Refinery  
  17  1:04  SCV  
  18  1:16  SCV  
  20  1:32  Reaper, Orbital Command  
  20  1:36  Factory  
  20  1:48  Supply Depot  
  20  1:58  SCV  
  21  2:04  Reaper  
  22  2:10  SCV  
  23  2:21  Hellion, Starport  
  26  2:22  SCV  
  26  2:29  Supply Depot  
  26  2:35  SCV  
  27  2:44  Hellion  
  27  2:45  Reaper  
  27  2:47  SCV  
  31  2:58  Supply Depot  
  31  3:01  Medivac  
  31  3:02  SCV  
  34  3:08  Hellion  
  36  3:14  SCV, Liberator  
  36  3:17  Barracks Tech Lab  
  37  3:26  SCV  
  38  3:33  Supply Depot  
  41  3:41  SCV  
  42  3:52  Cyclone  
  42  3:53  SCV  
  46  4:05  SCV  
  44  4:14  Marine  
  41  4:18  SCV  
  33  4:24  Cyclone  
  33  4:30  SCV  
  37  4:33  Marine  
  35  4:42  SCV  
  36  4:49  Viking  
  38  4:53  Marine  
  38  4:54  SCV  
  38  5:06  SCV  
  37  5:08  Cyclone  
  37  5:11  Marine  
  41  5:18  SCV  
  32  5:30  SCV  
  33  5:36  Command Center  
  33  5:42  SCV  
  34  5:54  SCV, Siege Tank  
  34  5:56  Barracks Reactor  
  38  6:06  SCV  
  39  6:18  SCV  
  40  6:31  SCV, Siege Tank  
  44  6:35  Marine x2  
  46  6:47  SCV  
  46  6:50  Command Center  
  47  7:04  SCV  
Show
View Real Time Build Order
Export as new Build Order

ergnaSiMebeB Terran 

Build Orders: 1/1/1 

Get SALT Encoding   

  12  0:00  SCV  
  13  0:12  SCV  
  14  0:18  Supply Depot  
  14  0:24  SCV  
  15  0:28  Refinery  
  15  0:39  SCV  
  16  0:45  Barracks  
  16  0:51  SCV  
  16  0:56  Refinery  
  17  1:03  SCV  
  18  1:16  SCV  
  19  1:33  Orbital Command  
  19  1:34  Factory  
  19  1:37  Reaper  
  20  1:46  Supply Depot  
  20  1:58  SCV  
  21  2:10  SCV, Barracks Reactor  
  22  2:17  Factory Tech Lab  
  22  2:19  Starport  
  23  2:22  SCV  
  23  2:27  Supply Depot  
  23  2:36  Siege Tank  
  26  2:47  Marine x2  
  28  2:57  Medivac  
  30  3:10  Cyclone, Marine x2  
  35  3:28  Command Center  
  35  3:39  Supply Depot  
  35  3:51  Hellion x2  
  37  4:09  SCV  
  29  4:21  SCV  
  26  4:33  SCV  
  25  4:48  SCV  
  25  4:53  SCV  
  23  5:12  SCV  
  21  5:14  SCV  
  17  5:24  SCV  
  16  5:30  Viking  
  18  5:36  Hellion  
  18  5:39  Hellion  
  18  5:42  Marine  
  20  5:54  SCV x2  
  22  6:06  Hellion  
  26  6:11  Hellion  
  24  6:18  SCV  
  24  6:20  SCV  
  26  6:32  SCV  
  27  6:38  Hellion  
  29  6:41  SCV  
  30  6:47  SCV  
  33  6:57  SCV  
Tags
 
Add a new tag
Caveats
  • Supply blocks, unpowered buildings, or Contaminate may cause inaccurate times.
  • Supply counts are checked every 10 seconds.